 Dungeon Sprint DCSS version 0.28-a0-1447-ga5a8893891 (webtiles) character file.

Game seed: 12413787928870398563

25 DarkBird the Stinger (level 2, 0/19 HPs)
             Began as a Demonspawn Venom Mage on Jan 11, 2022.
             Slain by an ogre (19 damage)
             ... in the Dungeon (Sprint I: "Red Sonja").
             The game lasted 00:00:51 (311 turns).

DarkBird the Stinger (Demonspawn Venom Mage)         Turns: 311, Time: 00:00:52

Health: 0/19       AC:  2    Str:  8    XL:     2   Next: 82%
Magic:  3/6        EV: 12    Int: 16    God:
Gold:   0          SH:  0    Dex: 13    Spells: 6/7 levels left

rFire   . . .      SeeInvis .   i - +0 dagger
rCold   . . .      Faith    .   (no shield)
rNeg    . . .      Spirit   .   a - +0 robe
rPois   .          Reflect  .   (no helmet)
rElec   .          Harm     .   (no cloak)
rCorr   .          Rampage  .   (no gloves)
Will    .....      NoTele   +   (no boots)
Stlth   ++........              (no amulet)
HPRegen 0.06/turn               (no ring)
MPRegen 0.10/turn               (no ring)

@: no status effects
A: demonic magic 1
a: no special abilities


You were in the Dungeon.
You visited 1 branch

Inventory:

Hand Weapons
 i - a +0 dagger (weapon)
Armour
 a - a +0 robe (worn)
Wands
 h - a wand of polymorph (5)
Scrolls
 g - a scroll of blinking
Potions
 b - a potion of curing
 c - a potion of heal wounds
 d - a potion of haste
 e - 2 potions of magic
 f - a potion of berserk rage


   Skills:
 + Level 2.5 Dodging
 + Level 2.4 Stealth
 + Level 3.0 Spellcasting
 + Level 1.1 Transmutations
 + Level 5.1 Poison Magic


You had 6 spell levels left.
You knew the following spells:

 Your Spells              Type           Power      Damage    Failure   Level
a - Sting                 Tmut/Pois      48%        1d5       4%          1

Your spell library contained the following spells:

 Spells                   Type           Power      Damage    Failure   Level
 Poisonous Vapours        Pois/Air       20%        N/A       10%         2
 Olgreb's Toxic Radiance  Pois           19%        N/A       22%         4
 Mephitic Cloud           Conj/Pois/Air  7%         N/A       28%         3


Dungeon Overview and Level Annotations

Branches:
Dungeon (1/1)

Altars:


Innate Abilities, Weirdness & Mutations

Spells you cast may paralyse adjacent enemies.


Message History

You hit Ijyb.
You kill Ijyb!
Your Dodging skill increases to level 2!
Your Stealth skill increases to level 2!
Your Spellcasting skill increases to level 3!
Your Transmutations skill increases to level 1!
Your Poison Magic skill gained 2 levels and is now at level 5!
You have reached level 2!
Your demonic ancestry asserts itself...
A menacing aura infuses your magic.
You start resting.
Your transformation has ended.
Your +0 robe unmelds from your body.
You start resting.
Magic restored.
You start resting.
HP restored.
h - a wand of polymorph (5)
Things that are here:
a +0 dagger; a +0 ring mail
i - a +0 dagger
i - a +0 dagger (weapon)
There is an open door here.
You open the door.
An ogre comes into view. It is wielding a +0 giant spiked club.
The sting hits the ogre.
The ogre is poisoned.
The ogre is lightly wounded.
The ogre shouts!
Malevolent energies surge around you.
The sting hits the ogre but does no damage.
The ogre looks even sicker.
The ogre is lightly wounded.
Malevolent energies surge around you.
There is an open door here.
The sting hits the ogre.
The ogre looks even sicker.
The ogre is moderately wounded.
Malevolent energies surge around you.
The ogre hits you with a +0 giant spiked club!!
Ouch! That really hurt!
You die...

##########
#<.#..'..#
#..@O.#..+
#..#### +#
#[.# #..#
#..# #⌠⌠#
####


You could see an ogre (very poisoned).

Vanquished Creatures
  Ijyb (D)
1 creature vanquished.

Notes
Turn   | Place    | Note
-------+----------+-------------------------------------------
     0 | D        | DarkBird the Demonspawn Venom Mage began the quest for the
                  | Orb.
     0 | D        | Reached XP level 1. HP: 13/13 MP: 3/3
     2 | D        | Noticed Ijyb
    21 | D        | Killed Ijyb
    22 | D        | Reached skill level 1 in Transmutations
    22 | D        | Reached skill level 5 in Poison Magic
    22 | D        | Gained mutation: Spells you cast may paralyse adjacent
                  | enemies. [demonic ancestry]
    22 | D        | Reached XP level 2. HP: 2/19 MP: 1/6
   306 | D        | Noticed an ogre
   311 | D        | Slain by an ogre

Illustrated notes

Levels and vault maps discovered:
D:        dungeon_sprint_1 [red_sonja_temple_1, red_sonja_temple_small_1]

Skill      XL: |  1 |
---------------+----+-----
Dodging        | 2 |  2.5
Stealth        | 2 |  2.4
Spellcasting   | 3 |  3.0
Transmutations | 1 |  1.1
Poison Magic   | 5 |  5.1

Action                   || total
-------------------------++-------
Melee: Unarmed           ||     9
 Cast: Sting             ||     6
Dodge: Dodged            ||     4

Table legend: (Time is in decaauts)
 A = Elapsed time spent in this place.
 B = Non-inter-level travel time spent in this place.
 C = Inter-level travel time spent in this place.
 D = Time resting spent in this place.
 E = Time spent auto-exploring this place.
 F = Levels seen in this place.
 G = Mean time per level.
                   A        B        C        D        E       F      G
               +--------+--------+--------+--------+--------+-----+--------+
         Total |    309 |    309 |      0 |    273 |      0 |   1 |  309.0 |
       Dungeon |    309 |    309 |      0 |    273 |      0 |   1 |  309.0 |
               +--------+--------+--------+--------+--------+-----+--------+

Top non-repeatable levels by time:
       D: 309 daAuts
